General information
			
			
        
        - name: BNet
 
        - type: Ladder team game (AT/RT)
 
        - host: Battle.net
 
        - saver: ATempT
 
        
map: ExcavationSite 
        - players: 4
 
        - length: 24:00
 
        - speed: Fast
 - version: 1.22 W3XP
 - replay type:  Public
 
» download(96 KB)
Players
        team 1 (winner) 
              
              
StinkyGreenOrc (
teal | 39 APM | 938 actions | 23:57)
              
 5 Blademaster 
 3 Critical Strike
 1 Wind Walk
 1 Mirror Image
 5 Shadow Hunter 
 3 Healing Wave
 2 Serpent Ward
 
                » actions 
                
                | Assign group hotkey | 5 |  | 
| Build / train | 69 |  | 
| Enter build submenu | 15 |  | 
| Enter hero's abilities submenu | 10 |  | 
| Give item / drop item | 2 |  | 
| Remove unit from queue | 2 |  | 
| Right click | 445 |  | 
| Select / deselect | 282 |  | 
| Select group hotkey | 36 |  | 
| Use ability | 72 |  | 
                938 total
 » units 
                
                | Peon | 7 |  | 
| Grunt | 6 |  | 
| Shaman | 6 |  | 
| Tauren | 4 |  | 
| Troll Witch Doctor | 3 |  | 
| Spirit Walker | 1 |  | 
                27 total
 » upgrades
                
                | Armor | 3 |  | 
| Berserker Strength | 1 |  | 
| Melee Weapons | 2 |  | 
| Shaman Training | 2 |  | 
| Pulverize | 1 |  | 
| Spiked Barricades | 2 |  | 
| Witch Doctor Training | 2 |  | 
| Spirit Walker Training | 2 |  | 
| Reinforced Defenses | 1 |  | 
                16 total
 » buildings
                
                | Altar of Storms | 1 |  | 
| Orc Burrow | 6 |  | 
| Barracks | 1 |  | 
| Voodoo Lounge | 1 |  | 
| Stronghold | 1 |  | 
| War Mill | 1 |  | 
| Spirit Lodge | 2 |  | 
| Fortress | 1 |  | 
| Tauren Totem | 1 |  | 
| Great Hall | 1 |  | 
| Watch Tower | 1 |  | 
                17 total
 » build order
                00:10 Altar of Storms
00:17 Orc Burrow
00:47 Barracks
01:33 Orc Burrow
01:49 Voodoo Lounge
03:10 Stronghold
03:53 War Mill
05:06 Orc Burrow
06:13 Spirit Lodge
06:21 Spirit Lodge
07:15 Fortress
08:10 Orc Burrow
09:51 Tauren Totem
11:28 Orc Burrow
12:43 Orc Burrow
22:07 Great Hall
23:46 Watch Tower
» items
                
                | Healing Salve | 1 |  | 
| Lesser Clarity Potion | 2 |  | 
| Scroll of Speed | 4 |  | 
| Scroll of Town Portal | 2 |  | 
| Orb of Lightning | 1 |  | 
                10 total
  
               
              
              
ATempT (
red | 89 APM | 2142 actions | 24:00)
              
 4 Blademaster 
 2 Wind Walk
 2 Critical Strike
 4 Shadow Hunter 
 2 Healing Wave
 2 Hex
 
                » actions 
                
                | Assign group hotkey | 86 |  | 
| Build / train | 69 |  | 
| Enter build submenu | 15 |  | 
| Enter hero's abilities submenu | 8 |  | 
| Remove unit from queue | 4 |  | 
| Right click | 1260 |  | 
| Select / deselect | 269 |  | 
| Select group hotkey | 326 |  | 
| Use ability | 105 |  | 
                2142 total
 » units 
                
                | Peon | 12 |  | 
| Grunt | 5 |  | 
| Raider | 1 |  | 
| Spirit Walker | 8 |  | 
| Wind Rider | 6 |  | 
                32 total
 » upgrades
                
                | Ensnare | 1 |  | 
| Armor | 1 |  | 
| Envenomed Spears | 1 |  | 
| Spirit Walker Training | 1 |  | 
                4 total
 » buildings
                
                | Altar of Storms | 1 |  | 
| Orc Burrow | 6 |  | 
| Barracks | 1 |  | 
| Voodoo Lounge | 1 |  | 
| Stronghold | 5 |  | 
| War Mill | 1 |  | 
| Beastiary | 1 |  | 
| Spirit Lodge | 1 |  | 
| Great Hall | 1 |  | 
| Fortress | 1 |  | 
                19 total
 » build order
                00:06 Altar of Storms
00:18 Orc Burrow
00:39 Barracks
01:45 Orc Burrow
05:51 Voodoo Lounge
05:53 Stronghold
05:53 Stronghold
05:54 Stronghold
06:10 Orc Burrow
07:06 War Mill
08:18 Beastiary
08:24 Spirit Lodge
09:35 Orc Burrow
09:38 Orc Burrow
10:49 Great Hall
11:28 Fortress
17:59 Orc Burrow
» items
                
                | Healing Salve | 7 |  | 
| Tiny Great Hall | 1 |  | 
                8 total
  
               team 2 (loser) 
              
              
OpeningGambit (
green | 84 APM | 1406 actions | 16:46)
              
 4 Warden 
 2 Fan of Knives
 2 Blink
 2 Keeper of the Grove 
 1 Entangling Roots
 1 Thorns Aura
 
                » actions 
                
                | Assign group hotkey | 41 |  | 
| Basic commands | 131 |  | 
| Build / train | 54 |  | 
| ESC pressed | 1 |  | 
| Enter build submenu | 21 |  | 
| Enter hero's abilities submenu | 6 |  | 
| Remove unit from queue | 1 |  | 
| Right click | 458 |  | 
| Select / deselect | 315 |  | 
| Select group hotkey | 309 |  | 
| Use ability | 69 |  | 
                1406 total
 » units 
                
                | Wisp | 15 |  | 
| Huntress | 10 |  | 
| Archer | 7 |  | 
| Dryad | 4 |  | 
                36 total
 » upgrades
                
                | Improved Bows | 1 |  | 
| Abolish Magic | 1 |  | 
| Strength of the Moon | 1 |  | 
| Moon Armor | 1 |  | 
| Druid of the Claw Training | 1 |  | 
                5 total
 » buildings
                
                | Altar of Elders | 1 |  | 
| Moon Well | 8 |  | 
| Ancient of War | 4 |  | 
| Hunter's Hall | 1 |  | 
| Tree of Ages | 1 |  | 
| Ancient of Lore | 2 |  | 
| Tree of Life | 1 |  | 
                18 total
 » build order
                00:03 Altar of Elders
00:19 Moon Well
01:39 Ancient of War
01:41 Hunter's Hall
02:16 Ancient of War
02:40 Ancient of War
02:41 Moon Well
02:52 Ancient of War
03:07 Moon Well
03:20 Moon Well
05:09 Moon Well
05:55 Tree of Ages
08:14 Moon Well
08:15 Moon Well
08:18 Ancient of Lore
08:20 Ancient of Lore
12:15 Tree of Life
14:33 Moon Well
 
               
              
              
I_suck_at_teams (
pink | 21 APM | 503 actions | 23:57)
              
 3 Blademaster 
 2 Critical Strike
 1 Wind Walk
 2 Shadow Hunter 
 1 Healing Wave
 1 Hex
 
                » actions 
                
                | Build / train | 48 |  | 
| Enter build submenu | 26 |  | 
| Enter hero's abilities submenu | 5 |  | 
| Remove unit from queue | 2 |  | 
| Right click | 164 |  | 
| Select / deselect | 212 |  | 
| Use ability | 46 |  | 
                503 total
 » units 
                » buildings
                
                | Altar of Storms | 1 |  | 
| Orc Burrow | 8 |  | 
| Barracks | 1 |  | 
| Stronghold | 1 |  | 
| Beastiary | 2 |  | 
| War Mill | 1 |  | 
| Watch Tower | 7 |  | 
| Altar of Elders | 1 |  | 
| Ancient of War | 1 |  | 
| Moon Well | 1 |  | 
| Tree of Life | 1 |  | 
                25 total
 » build order
                00:06 Altar of Storms
00:08 Orc Burrow
00:48 Barracks
03:03 Stronghold
05:49 Beastiary
05:53 Beastiary
07:21 Orc Burrow
07:39 Orc Burrow
08:04 Orc Burrow
11:42 Orc Burrow
11:45 Orc Burrow
12:39 Orc Burrow
12:46 Orc Burrow
17:39 War Mill
19:07 Watch Tower
19:11 Watch Tower
19:16 Watch Tower
19:20 Watch Tower
19:28 Watch Tower
19:31 Watch Tower
20:16 Watch Tower
21:35 Altar of Elders
22:25 Ancient of War
22:38 Moon Well
23:09 Tree of Life
 
                Chat log
          
(02:44 / Allies) StinkyGreenOrc: ok
(03:22 / Allies) StinkyGreenOrc: im runnin
(04:20 / Allies) ATempT: ty
(05:07 / Allies) ATempT: leave grunt
(05:22 / All) OpeningGambit: WTF
(05:43 / Allies) StinkyGreenOrc: im out
(05:52 / Allies) StinkyGreenOrc: crappy plan
(06:40 / Allies) ATempT: ops
(07:57 / Allies) StinkyGreenOrc: back up regroup
(08:58 / Allies) ATempT: ?
(13:06 / Allies) StinkyGreenOrc: tp
(13:31 / Allies) StinkyGreenOrc: get tp
(14:15 / All) OpeningGambit: pink is hopeless
(14:20 / All) StinkyGreenOrc: lol
(14:39 / Allies) ATempT: lol u got my orb
(14:50 / All) I_suck_at_teams: *cough* Notice my name?
(15:01 / All) OpeningGambit: its not just at teams
(16:16 / Allies) ATempT: shit
(16:17 / All) StinkyGreenOrc: gg
(16:43 / All) OpeningGambit: whatever
(17:00 / All) I_suck_at_teams: Hes the idiot that rushed without me
(17:05 / All) I_suck_at_teams: Not my fault
(20:43 / All) ATempT: gg?
(22:56 / All) StinkyGreenOrc: commonm
(23:01 / All) StinkyGreenOrc: ggaleady
(23:30 / All) ATempT: wata a gay
(23:36 / All) I_suck_at_teams: lol